 Dungeon Crawl Stone Soup version 0.22-a0-99-g1ac4c55 (webtiles) character file.

799 lemonriz the Ruffian (level 7, -9/53 HPs)
             Began as a Black Draconian Transmuter on Jan 25, 2018.
             Was a Follower of Sif Muna.
             Mangled by an orc warrior
             ... wielding a +2 glaive of pain
              (23 damage)
             ... on level 6 of the Dungeon.
             The game lasted 00:06:54 (3953 turns).

lemonriz the Ruffian (Black Draconian Transmuter)   Turns: 3953, Time: 00:06:55

Health: -9/53      AC: 10    Str: 12    XL:     7   Next: 59%
Magic:  9/10       EV: 12    Int: 16    God:    Sif Muna [*.....]
Gold:   152        SH:  0    Dex: 11    Spells: 4/10 levels left

rFire    . . .     SeeInvis .     - Unarmed
rCold    + . .     Gourm    .   (no shield)
rNeg     . . .     Faith    .   (armour unavailable)
rPois    .         Spirit   .   (helmet restricted)
rElec    +         Reflect  .   (no cloak)
rCorr    .         Harm     .   (no gloves)
MR       .....                  h - +2 pair of boots
Stlth    +.........             (no amulet)
HPRegen  0.17/turn              l - +1 ring of protection
MPRegen  0.12/turn              i - ring of protection from cold

@: no status effects
A: breathe lightning, unfitting armour, electricity resistance, cold-blooded, AC
+6
a: Breathe Lightning, Divine Energy, Renounce Religion


You were on level 6 of the Dungeon.
You worshipped Sif Muna.
Sif Muna was aware of your devotion.
You were hungry.

You visited 1 branch of the dungeon, and saw 6 of its levels.

You collected 152 gold pieces.

Inventory:

Missiles
 a - 99 arrows
Armour
 h - a +2 pair of boots (worn)
Jewellery
 f - an uncursed ring of stealth
 i - a ring of protection from cold (right hand)
 l - a +1 ring of protection (left hand)
Wands
 w - a wand of flame (25)
Scrolls
 d - a scroll of amnesia {unknown}
 j - a scroll of fog
 k - a scroll of blinking {unknown}
 n - a scroll of remove curse
 s - a scroll of enchant weapon {unknown}
 t - a scroll of teleportation {unknown}
 v - a scroll of enchant armour {unknown}
Potions
 e - a potion of resistance {unknown}
 g - a potion of flight {unknown}
 m - a potion of lignification {unknown}
 o - 2 potions of invisibility
 p - a potion of brilliance
 q - a potion of curing {unknown}
 r - 2 potions of might
 u - a potion of heal wounds {unknown}
Books
 b - a book of Changes

   Spells                             Type                      Level
   a - Beastly Appendage              Transmutation                1
   b - Sticks to Snakes               Transmutation                2
   c - Spider Form                    Transmutation/Poison         3
   d - Ice Form                       Ice/Transmutation            4
   e - Blade Hands                    Transmutation                5
Comestibles
 c - 13 rations


   Skills:
 + Level 1.8 Fighting
 - Level 1.7 Dodging
 + Level 6.1 Unarmed Combat
 - Level 2.0 Spellcasting
 + Level 5.7 Transmutations
 - Level 2.0 Poison Magic
 + Level 2.5 Invocations


You had 4 spell levels left.
You knew the following spells:

 Your Spells              Type           Power        Failure   Level  Hunger
a - Beastly Appendage     Tmut           ###...       1%          1    #......
b - Sticks to Snakes      Tmut           ###.....     3%          2    ###....
c - Spider Form           Tmut/Pois      ##........   13%         3    ###....


Dungeon Overview and Level Annotations

Branches:
Dungeon (6/15)
 Temple: D:4-7

Altars:
Hepliaklqana
Nemelex Xobeh
Ru
Sif Muna
Trog
Xom

Annotations:
D:5 Paulus's ghost, novice TrGl


Innate Abilities, Weirdness & Mutations

You can breathe wild blasts of lightning.
Your glossy black scales are hard. (AC +6)
You cannot fit into any form of body armour.
You are resistant to electric shocks. (rElec)
You are cold-blooded and may be slowed by cold attacks.


Message History

The orc warrior is wielding a glaive of pain.
The orc is wielding a hand axe of chopping.
The orc warrior shouts!
The orc wizard shouts!
The orc shouts!
You hear a shout!
Found a scroll labeled FOAFIT OMASH.
There is a stone staircase leading up here.
An orc priest and an orc wizard come into view.
The orc priest shouts!
The orc wizard shouts!
The orc priest calls down the wrath of Beogh upon you.
Beogh smites you!
The orc wizard casts a spell.
The orc wizard blinks!
The orc wizard gestures at you while chanting.
The puff of frost hits you! You resist.
The orc priest invokes the aid of Beogh against you.
Beogh smites you!
* * * LOW HITPOINT WARNING * * *
As you read the scroll labeled QYOSHA TUTOASH, it crumbles to dust.
You feel blessed for a moment.
It was a scroll of remove curse.
The orc warrior hits you from afar with a glaive of pain!!
You die...

? .. . ... ..
..o. #..
####..... #..
#..o..o..
#..#########o#
#........o..#
#..@.o.o..##
#..#######S...#
.... #..###
.### ..o..
...... ....###.
.....


You could see an orc warrior, an orc priest, an orc wizard, an adder and an orc.

Vanquished Creatures
  Sigmund (D:2)
  A bullfrog (D:3)
  2 scorpions (D:4)
  A howler monkey (D:5)
  3 hounds
  Jessica (D:2)
  An iguana (D:4)
  Terence (D:2)
  Natasha (twice) (D:2)
  3 worker ants
  9 adders
  2 adder skeletons (D:4)
  3 dart slugs
  A leopard gecko (D:1)
  12 orcs
  8 bats
  3 giant cockroaches
  3 goblins
  7 hobgoblins
  5 quokkas
  A ball python (D:1)
  A frilled lizard (D:3)
  4 kobolds
  A quokka zombie (D:5)
  3 rats
79 creatures vanquished.

Vanquished Creatures (collateral kills)
  An adder (D:2)
  A rat (D:3)
2 creatures vanquished.

Grand Total: 81 creatures vanquished

Notes
Turn   | Place    | Note
-------+----------+-------------------------------------------
     0 | D:1      | lemonriz the Draconian Transmuter began the quest for the Orb.
     0 | D:1      | Reached XP level 1. HP: 16/16 MP: 3/3
   253 | D:1      | Reached XP level 2. HP: 23/23 MP: 5/5
   257 | D:1      | Learned a level 2 spell: Sticks to Snakes
   273 | D:1      | Found a shimmering altar of Xom.
   799 | D:2      | Noticed Terence
   818 | D:2      | Killed Terence
   818 | D:2      | Reached XP level 3. HP: 9/28 MP: 3/6
  1029 | D:2      | Found a deep blue altar of Sif Muna.
  1035 | D:2      | Became a worshipper of Sif Muna the Loreminder
  1112 | D:2      | Noticed Sigmund
  1121 | D:2      | Learned a level 3 spell: Spider Form
  1229 | D:2      | Killed Sigmund
  1229 | D:2      | Reached skill level 4 in Unarmed Combat
  1229 | D:2      | Reached XP level 4. HP: 23/35 MP: 3/7
  1229 | D:2      | Reached XP level 5. HP: 26/40 MP: 3/8
  1241 | D:2      | Noticed Natasha
  1245 | D:2      | Killed Natasha
  1245 | D:2      | Reached skill level 5 in Unarmed Combat
  1550 | D:2      | Found a sacrificial altar of Ru.
  1555 | D:2      | Noticed Natasha
  1564 | D:2      | Killed Natasha
  1590 | D:2      | Noticed Jessica
  1600 | D:2      | Killed Jessica
  1600 | D:2      | Reached XP level 6. HP: 46/47 MP: 9/9
  1934 | D:3      | Reached skill level 1 in Poison Magic
  2138 | D:3      | Found a sparkling altar of Nemelex Xobeh.
  2138 | D:3      | Found a hazy altar of Hepliaklqana.
  2435 | D:3      | Reached skill level 5 in Transmutations
  2444 | D:3      | Reached * piety under Sif Muna
  2552 | D:3      | Found a bloodstained altar of Trog.
  2750 | D:4      | Reached skill level 1 in Invocations
  2909 | D:4      | Your scales start taking on a glossy black colour.
  2909 | D:4      | Reached XP level 7. HP: 43/52 MP: 7/10
  2909 | D:4      | Gained mutation: You are resistant to electric shocks. (rElec) [Black Draconian growth]
  3429 | D:5      | Entered Level 5 of the Dungeon
  3477 | D:5      | Reached skill level 6 in Unarmed Combat
  3885 | D:5      | Noticed Paulus's ghost (novice TrGl)
  3953 | D:6      | Mangled by an orc warrior

Vault maps used:
D:1:      saegor_arrival_simple_b, xom_teletrap_fun
D:2:      lemuel_round_altar, led_sif_pool, uniq_terence, uniq_sigmund,
          uniq_natasha, uniq_jessica
D:3:      minitemple, trog_book
D:5:      minmay_temple_entry_nine_rooms, first_ration
D:6:      uniq_pikel

Skill      XL: |  1  2  3  4  5  6  7 |
---------------+----------------------+-----
Transmutations | 3 4 5 |  5.7
Unarmed Combat | 4 5 6 |  6.1
Poison Magic   | 2 |  2.0
Invocations    | 1 2 |  2.5
Fighting       | |  1.8
Dodging        | |  1.7
Spellcasting   | |  2.0

Action                   |  1- 3 |  4- 6 |  7- 9 || total
-------------------------+-------+-------+-------++-------
Melee: Unarmed           |    80 |   127 |    85 ||   292
       Tailslap          |     5 |    10 |    11 ||    26
       Headbutt          |     3 |     3 |       ||     6
       Punch             |     1 |     1 |     4 ||     6
 Cast: Beastly Appendage |     2 |     3 |       ||     5
       Sticks to Snakes  |     1 |     6 |     2 ||     9
       Spider Form       |     1 |     4 |     3 ||     8
 Abil: Breathe Lightning |       |       |     1 ||     1
  Use: Scroll            |       |     3 |     1 ||     4
       Potion            |       |     1 |       ||     1
 Stab: Sleeping          |     1 |     4 |       ||     5
  Eat: Chunk             |       |     7 |     4 ||    11
Armor: Skin              |    16 |    43 |    22 ||    81
Dodge: Dodged            |    42 |    85 |    56 ||   183

Table legend:
 A = Spawn XP
 B = Non-spawn XP
 C = Spawn XP percentage of total XP
 D = Spawn monster count
 E = Non-spawn monster count
 F = Spawn count percentage of total count
 G = Total turns spent on level
                    A         B        C        D         E        F      G
               +---------+---------+-------+---------+---------+-------+---------
         Total |       0 |    1142 |   0.0 |       0 |      81 |   0.0 |  3953
               +---------+---------+-------+---------+---------+-------+---------
           D:1 |       0 |      14 |   0.0 |       0 |       9 |   0.0 |   611
           D:2 |       0 |     415 |   0.0 |       0 |      23 |   0.0 |  1278
           D:3 |       0 |     207 |   0.0 |       0 |      24 |   0.0 |   784
           D:4 |       0 |     303 |   0.0 |       0 |      17 |   0.0 |   756
           D:5 |       0 |     203 |   0.0 |       0 |       8 |   0.0 |   516
               +---------+---------+-------+---------+---------+-------+---------
